 Dungeon Sprint DCSS version 0.26-a0-651-gb41185065b (webtiles) character file.

Game seed: 4071544332177563145

12 Jannitor the Covered (level 2, -2/28 HPs)
             Began as a Minotaur Fighter on Sept 29, 2020.
             Was a Follower of Yredelemnul.
             Slain by an orc warrior
             ... wielding a +0 war axe
              (19 damage)
             ... in the Dungeon (Sprint VI: "Thunderdome").
             The game lasted 00:00:41 (181 turns).

Jannitor the Covered (Minotaur Fighter)              Turns: 181, Time: 00:00:42

Health: -2/28      AC:  7    Str: 20    XL:     2   Next: 24%
Magic:  1/1        EV:  7    Int:  5    God:    Yredelemnul [*.....]
Gold:   220        SH:  9    Dex:  9    Spells: 1/1 levels left

rFire    . . .     SeeInvis .   a - +0 war axe
rCold    . . .     Faith    .   c - +0 kite shield
rNeg     . . .     Spirit   .   b - +0 scale mail
rPois    .         Reflect  .   (helmet restricted)
rElec    .         Harm     .   (no cloak)
rCorr    .         Rampage  .   (no gloves)
MR       .....     NoTele   +   (no boots)
Stlth    ..........             (no amulet)
HPRegen  0.09/turn              (no ring)
MPRegen  0.07/turn              (no ring)

@: no status effects
A: retaliatory headbutt, horns 2
a: Animate Remains, Renounce Religion


You were in the Dungeon.
You worshipped Yredelemnul.
Yredelemnul was aware of your devotion.
You visited 1 branch You collected 220 gold pieces.

Inventory:

Hand Weapons
 a - a +0 war axe (weapon)
Armour
 b - a +0 scale mail (worn)
 c - a +0 kite shield (worn)
Wands
 l - a wand of acid (5)
 m - a wand of iceblast (5)
Scrolls
 j - 4 scrolls of blinking
 n - 3 scrolls of fog
Potions
 d - a potion of might
 e - a potion of curing
 f - 4 potions of heal wounds
 g - 4 potions of haste
 h - 2 potions of magic
 i - a potion of berserk rage
 k - 2 potions of resistance


   Skills:
 + Level 4.5 Fighting
 + Level 3.6 Axes
 + Level 4.5 Armour
 + Level 4.5 Shields
 + Level 0.2 Invocations


You had one spell level left.
You didn't know any spells.
Your spell library was empty.

Dungeon Overview and Level Annotations

Branches:
Dungeon (1/1)

Altars:
Dithmenos
Fedhas
Gozag
Kikubaaqudgha
Okawaru
Qazlal
Sif Muna
Uskayaw
Yredelemnul
Zin
The Shining One
Lugonu

Shops:
D ??:(!!!!


Innate Abilities, Weirdness & Mutations

You reflexively headbutt those who attack you in melee.
You have a pair of horns on your head.


Message History

The orc warrior is heavily wounded.
The orc warrior hits you with a +0 war axe!
You closely miss the orc warrior.
The orc warrior is heavily wounded.
The orc warrior barely misses you. You furiously retaliate!
You headbutt the orc warrior, but do no damage.
You closely miss the orc warrior. Your headbutt misses the orc warrior.
The orc warrior is heavily wounded.
You block the orc warrior's attack.
An orc wizard comes into view. It is wielding a +0 dagger.
The orc wizard shouts!
You hit the orc warrior.
You headbutt the orc warrior, but do no damage.
The orc warrior is severely wounded.
The orc wizard casts a spell at you.
The magic dart hits you but does no damage.
The orc warrior hits you with a +0 war axe!!
Ouch! That really hurt!
You die...
Your body rises from the dead as a mindless zombie.

#.....# ##.....##
##∩.....∩## #∩.......∩#
#_......._# #_......._#
#_.o....._#
###...@.....###
#⌠...........⌠#
#.8......†..8.######
_......###...(((___∩##
.....8. #.8.....†..∩#
.......###...†.........#
....###...###..........⌠
o... #.<.# #..........⌠
.. #...# #..........⌠


You could see an orc warrior and an orc wizard.

Vanquished Creatures
  An adder (D)
  A jackal (D)
  A quokka (D)
  A frilled lizard (D)
  A kobold (D)
5 creatures vanquished.

Notes
Turn   | Place    | Note
-------+----------+-------------------------------------------
     0 | D        | Jannitor the Minotaur Fighter began the quest for the Orb.
     0 | D        | Reached XP level 1. HP: 19/19 MP: 0/0
     0 | D        | Found an ancient bone altar of Kikubaaqudgha.
     0 | D        | Found an opulent altar of Gozag.
     4 | D        | Found a basalt altar of Yredelemnul.
     4 | D        | Found a glowing silver altar of Zin.
     5 | D        | Found a hide-covered altar of Uskayaw.
     5 | D        | Round 1.
     6 | D        | Found Caqip's Distillery.
     6 | D        | Found a shadowy altar of Dithmenos.
     6 | D        | Found a corrupted altar of Lugonu.
     6 | D        | Found Laecheji's Do-It-Yourself Clinic.
     7 | D        | Found Liub's Distillery.
     7 | D        | Found Maneke Letemn's Bottled Wisdom.
    12 | D        | Became a worshipper of Yredelemnul the Dark
    19 | D        | Reached XP level 2. HP: 16/28 MP: 1/1
    44 | D        | Found a stormy altar of Qazlal.
    49 | D        | Reached * piety under Yredelemnul
    68 | D        | Found a blossoming altar of Fedhas.
    68 | D        | Found a glowing golden altar of the Shining One.
    68 | D        | Found a shimmering blue altar of Sif Muna.
    68 | D        | Found Yxunom's Staff Store.
    68 | D        | Found Wureh's Magic Scroll Shop.
    73 | D        | Arena points: 12 (+12) [x2]
   137 | D        | Round 2.
   172 | D        | Noticed an orc warrior
   173 | D        | Found Cuch's Must-Have Magic.
   173 | D        | Found Ucyheh's Magic Scroll Shop.
   175 | D        | Found an iron altar of Okawaru.
   181 | D        | Slain by an orc warrior

Illustrated notes

Levels and vault maps discovered:
D:        arena_sprint

Skill      XL: |  1 |
---------------+----+-----
Fighting       | 4 |  4.5
Axes           | 3 |  3.6
Armour         | 4 |  4.5
Shields        | 4 |  4.5
Invocations    | |  0.2

Action                   || total
-------------------------++-------
Melee: War axe           ||    20
       Headbutt          ||     4
Armor: Scale mail        ||     5
Dodge: Dodged            ||     7
Block: Kite shield       ||    11

Table legend: (Time is in decaauts)
 A = Elapsed time spent in this place.
 B = Non-inter-level travel time spent in this place.
 C = Inter-level travel time spent in this place.
 D = Time resting spent in this place.
 E = Time spent auto-exploring this place.
 F = Levels seen in this place.
 G = Mean time per level.
                   A        B        C        D        E       F      G
               +--------+--------+--------+--------+--------+-----+--------+
         Total |    189 |    189 |      0 |     99 |     35 |   1 |  189.0 |
       Dungeon |    189 |    189 |      0 |     99 |     35 |   1 |  189.0 |
               +--------+--------+--------+--------+--------+-----+--------+

Top non-repeatable levels by time:
       D: 189 daAuts
